 Dungeon Crawl Stone Soup version 0.31-a0-152-g6aa68a64a1 (webtiles) character file.

Game seed: 7097119010060891078

62 qw the Shooter (level 4, -5/39 HPs)
             Began as a Naga Hunter on June 11, 2023.
             Slain by an iguana (11 damage)
             ... on level 3 of the Dungeon.
             The game lasted 00:00:35 (1777 turns).

qw the Shooter (Naga Hunter)                        Turns: 1777, Time: 00:00:35

Health: -5/39      AC:  2    Str: 13    XL:     4   Next: 8%
Magic:  4/4        EV: 10    Int: 10    God:
Gold:   61         SH:  0    Dex: 22    Spells: 3/3 levels left

rFire   + . .        Y - +0 shortbow
rCold   . . .        (shield currently unavailable)
rNeg    . . .        c - +0 leather armour
rPois   +            (no helmet)
rElec   .            (no cloak)
rCorr   .            (no gloves)
SInv    +            (no barding)
Will    .....        (no amulet)
Stlth   ++           b - ring of protection from fire
HPRegen 0.26/turn    k - +6 ring of dexterity
MPRegen 0.09/turn

%: no passive effects
@: about to teleport, very slow
A: AC +1, large, see invisible, deformed body, poison resistance, slowness 2,
spit poison 1, naga tail 1
a: Spit Poison


You were on level 3 of the Dungeon.
You visited 1 branch of the dungeon, and saw 3 of its levels.

You collected 61 gold pieces.


Innate Abilities, Weirdness & Mutations

Your serpentine skin is tough. (AC +1)
You have supernaturally acute eyesight. (SInv)
Armour fits poorly on your strangely shaped body.
Your system is resistant to poisons. (rPois)
You cover ground very slowly.
You can spit poison.
You have a snake-like lower body.


   Skills:
 + Level 2.1 Fighting
 - Level 5.0 Ranged Weapons
 - Level 1.5 Dodging
 - Level 1.5 Stealth


You had 3 spell levels left.
You didn't know any spells.
Your spell library was empty.

Inventory:

Hand Weapons
 Y - a +0 shortbow (weapon)
Armour
 a - a +3 ring mail
 c - a +0 leather armour (worn)
Jewellery
 b - a ring of protection from fire (left hand)
 k - a +6 ring of dexterity (right hand)
 l - a ring of ice
Scrolls
 d - a scroll of enchant armour
Potions
 f - 4 potions of curing
 g - a potion of magic {unknown}
 h - a potion of lignification {unknown}
 i - a potion of enlightenment {unknown}
 j - a potion of degeneration {unknown}
 m - a potion of mutation {unknown}

Dungeon Overview and Level Annotations

Branches:
Dungeon (3/15)

Altars:

Shops:
D:2 (


Message History

Where to? (* - list waypoints, Enter - D:2, ? - help)
What level of the Dungeon? (default 1, ? - help)
There is a stone staircase leading down here.
You climb downwards.
There is a stone staircase leading up here.
Waypoint 2 assigned to D:3.
Found 5 stones.
A giant cockroach comes into view.
Found 8 gold pieces.
You shoot an arrow. The arrow hits the giant cockroach.
The giant cockroach is heavily wounded.
You shoot an arrow. The arrow hits the giant cockroach.
You kill the giant cockroach!
f - 4 potions of curing (gained 1)
a - a +3 ring mail You now have 61 gold pieces (gained 8).
An iguana comes into view.
1772 ||| INVOKING Spit Poison.
Aiming: Spit Poison (1% risk of failure)
Press: ? - help, Shift-Dir - straight line, f - iguana The splash of poison hits the iguana!
The iguana is heavily wounded.
The iguana hisses angrily.
You shoot an arrow. The arrow hits the iguana.
The iguana is severely wounded.
You shoot an arrow. The arrow hits the iguana.
The iguana is almost dead.
The iguana barely misses you.
You shoot an arrow.
The arrow hits the iguana but does no damage.
The iguana is almost dead.
The iguana bites you! x2
You shoot an arrow. The arrow closely misses the iguana.
The iguana bites you!
1777 ||| READING scroll of teleportation.
As you read the scroll of teleportation, it crumbles to dust.
You feel strangely unstable.
You have got your breath back.
The iguana bites you!
You die...

...... #.# #......# ..#
..##..# ##..#
.....##..###.%.#
..##.##......#.# ..
#.##........# ###.
.###.##......### ....#
.#...........#####.....#
.#^.............@l.....#
........##.....###.....#
........##.(...# ....#
........##.....# ####
##......##.....#
#......##.....#
#......##.....#
#......######## ########


You could see an iguana.

Vanquished Creatures
  3 adders (D:2)
  A worm (D:2)
  7 ball pythons
  3 endoplasms (D:2)
  3 giant cockroaches
  A goblin (D:1)
  A hobgoblin (D:2)
  A quokka (D:1)
  6 bats
  A frilled lizard (D:1)
  2 kobolds
  6 rats
35 creatures vanquished.

Notes
Turn   | Place    | Note
-------+----------+-------------------------------------------
     0 | D:1      | qw the Naga Hunter began the quest for the Orb.
     0 | D:1      | Reached XP level 1. HP: 19/19 MP: 1/1
     0 | D:1      | 0 ||| qw: Version: 0.2-a-29-g7dc7884
     0 | D:1      | 0 ||| qw: Game counter: 4040
     0 | D:1      | 0 ||| qw: Always use a shield: true
     0 | D:1      | 0 ||| qw: God list: Okawaru
     0 | D:1      | 0 ||| qw: Allow faded altars: false
     0 | D:1      | 0 ||| qw: Do Orc after D:15 true
     0 | D:1      | 0 ||| qw: Do second Lair branch before Depths: true
     0 | D:1      | 0 ||| qw: Lair rune preference: random
     0 | D:1      | 0 ||| qw: Plans: Normal
     0 | D:1      | 0 ||| PLANNING D:1-11
    92 | D:1      | 92 ||| INVOKING Spit Poison.
    95 | D:1      | 95 ||| INVOKING Spit Poison.
   100 | D:1      | 100 ||| INVOKING Spit Poison.
   186 | D:1      | 186 ||| INVOKING Spit Poison.
   191 | D:1      | 191 ||| INVOKING Spit Poison.
   197 | D:1      | 197 ||| INVOKING Spit Poison.
   221 | D:1      | 221 ||| INVOKING Spit Poison.
   227 | D:1      | 227 ||| INVOKING Spit Poison.
   246 | D:1      | 246 ||| INVOKING Spit Poison.
   247 | D:1      | Reached skill level 4 in Ranged Weapons
   247 | D:1      | Reached XP level 2. HP: 26/26 MP: 2/2
   279 | D:1      | 279 ||| INVOKING Spit Poison.
   421 | D:1      | 421 ||| INVOKING Spit Poison.
   424 | D:1      | 424 ||| INVOKING Spit Poison.
   455 | D:1      | 455 ||| INVOKING Spit Poison.
   467 | D:1      | 467 ||| INVOKING Spit Poison.
   526 | D:1      | 526 ||| INVOKING Spit Poison.
   748 | D:1      | 748 ||| INVOKING Spit Poison.
   951 | D:1      | 951 ||| READING scroll labelled LYPYR QUTAHU.
   954 | D:1      | 954 ||| READING 2 scrolls labelled PAKLIC UVVOPT.
   955 | D:1      | 955 ||| READING scroll labelled LIVVA NE QYJIPT.
   956 | D:1      | 956 ||| READING 2 scrolls labelled ETELUN HEIH.
   957 | D:1      | 957 ||| DRINKING 4 ruby potions.
   960 | D:1      | 960 ||| DROPPING scroll of butterflies.
   961 | D:1      | 961 ||| DROPPING scroll of poison.
   962 | D:1      | 962 ||| DROPPING scroll of fog.
  1025 | D:2      | 1025 ||| INVOKING Spit Poison.
  1027 | D:2      | Reached XP level 3. HP: 32/32 MP: 3/3
  1029 | D:2      | 1029 ||| INVOKING Spit Poison.
  1046 | D:2      | 1046 ||| INVOKING Spit Poison.
  1151 | D:2      | 1151 ||| INVOKING Spit Poison.
  1180 | D:2      | 1180 ||| INVOKING Spit Poison.
  1279 | D:2      | Found Tihackas's Antique Weapon Shoppe.
  1286 | D:2      | 1286 ||| INVOKING Spit Poison.
  1290 | D:2      | 1290 ||| SHOPLISTING arbalest (90 gold, have 38).
  1290 | D:2      | 1290 ||| SHOPLISTING glowing shortbow (120 gold, have 38).
  1371 | D:2      | 1371 ||| INVOKING Spit Poison.
  1498 | D:2      | 1498 ||| INVOKING Spit Poison.
  1510 | D:2      | 1510 ||| INVOKING Spit Poison.
  1578 | D:2      | 1578 ||| INVOKING Spit Poison.
  1582 | D:2      | Reached skill level 5 in Ranged Weapons
  1582 | D:2      | Reached XP level 4. HP: 39/39 MP: 4/4
  1729 | D:2      | 1729 ||| DROPPING ring of wizardry.
  1730 | D:2      | 1730 ||| UPGRADING to ring of protection from fire.
  1731 | D:2      | 1731 ||| UPGRADING to +6 ring of dexterity.
  1732 | D:2      | 1732 ||| READING scroll labelled GEROOF CACH.
  1772 | D:3      | 1772 ||| INVOKING Spit Poison.
  1776 | D:3      | HP: 5/39 [iguana (9)]
  1777 | D:3      | 1777 ||| READING scroll of teleportation.
  1777 | D:3      | Slain by an iguana

Levels and vault maps discovered:
D:1:      dpeg_arrival_lava_altar, layout_loops_corners
D:2:      wander_river, layout_basic, serial_shops, shop
D:3:      layout_rooms, nicolae_ru_the_path_less_chosen, chequers_garden,
          serial_bayou_lagoon_b

Skill      XL: |  1  2  3 |
---------------+----------+-----
Ranged Weapons | 4 5 |  5.0
Fighting       | |  2.1
Dodging        | |  1.5
Stealth        | |  1.5

Action                     |  1- 3 |  4- 6 || total
---------------------------+-------+-------++-------
   Fire: Shortbow          |    64 |     8 ||    72
Ability: Spit Poison       |    26 |     1 ||    27
    Use: Scroll            |     4 |     2 ||     6
         Potion            |     1 |       ||     1
 Armour: Leather armour    |     5 |       ||     5
  Dodge: Dodged            |     8 |     1 ||     9

Table legend:
 A = Non-vault XP
 B = Vault XP
 C = Vault XP percentage of total XP
 D = Non-vault monster count
 E = Vault monster count
 F = Vault count percentage of total count
                 A         B        C        D         E       F
            +---------+---------+-------+---------+---------+-------
      Total |      89 |       0 |   0.0 |      35 |       0 |   0.0
            +---------+---------+-------+---------+---------+-------
        D:1 |      22 |       0 |   0.0 |      16 |       0 |   0.0
        D:2 |      65 |       0 |   0.0 |      18 |       0 |   0.0
        D:3 |       2 |       0 |   0.0 |       1 |       0 |   0.0
            +---------+---------+-------+---------+---------+-------
